 Dungeon Crawl Stone Soup version 0.29-a0-732-g3d7fbe0af2 (webtiles) character file.

Game seed: 1997849204519959746

427 zeratav the Skirmisher (level 6, -2/30 HPs)
             Began as a Spriggan Hunter on June 29, 2022.
             Slain by a killer bee (8 damage)
             ... on level 4 of the Dungeon.
             The game lasted 00:04:21 (3744 turns).

zeratav the Skirmisher (Spriggan Hunter)            Turns: 3744, Time: 00:04:21

Health: -2/30      AC:  2    Str:  7    XL:     6   Next: 65%
Magic:  7/7        EV: 18    Int: 10    God:
Gold:   235        SH:  0    Dex: 21    Spells: 5/5 levels left

rFire   + . .      SeeInvis +   a - +0 shortbow {bow}
rCold   . . .      Faith    .   (shield currently unavailable)
rNeg    . . .      Spirit   .   c - +0 robe
rPois   .          Reflect  .   (helmet restricted)
rElec   .          Harm     .   (no cloak)
rCorr   .          Rampage  .   (gloves unavailable)
Will    +....                   (boots unavailable)
Stlth   ++........              (no amulet)
HPRegen 0.10/turn               p - ring of protection from fire
MPRegen 0.10/turn               (no ring)

@: very quick
A: very small, no large weapons, unfitting armour, see invisible, speed 3
a: no special abilities


You were on level 4 of the Dungeon.
You visited 1 branch of the dungeon, and saw 5 of its levels.

You collected 257 gold pieces.
You spent 22 gold pieces at shops.


Innate Abilities, Weirdness & Mutations

You are very small and have problems with some larger weapons.
You are too small for most types of armour.
You have supernaturally acute eyesight. (SInv)
You cover ground extremely quickly. (Speed+++)


   Skills:
 - Level 1.5 Fighting
 + Level 9.7 Ranged Weapons
 - Level 2.6 Dodging
 - Level 1.5 Stealth


You had 5 spell levels left.
You didn't know any spells.
Your spell library was empty.

Inventory:

Hand Weapons
 a - a +0 shortbow (weapon) {bow}
Armour
 c - a +0 robe (worn)
Jewellery
 p - a ring of protection from fire (left hand)
   (You found it on level 4 of the Dungeon)
Wands
 n - a wand of mindburst (13)
   (You took it off Ijyb on level 3 of the Dungeon)
Scrolls
 b - 2 scrolls of immolation {!r!r}
 e - 2 scrolls of summoning
 g - 3 scrolls of enchant weapon
 h - 2 scrolls of fog {unknown}
 i - a scroll of torment {unknown}
 j - a scroll of teleportation {unknown}
 l - a scroll of enchant armour {unknown}
 q - a scroll of amnesia {unknown}
 r - 3 scrolls of blinking {unknown}
Potions
 d - a potion of lignification {unknown}
 f - 3 potions of might {unknown}
 k - 2 potions of curing {unknown}
 m - a potion of brilliance {unknown}
 o - a potion of magic {unknown}

Dungeon Overview and Level Annotations

Branches:
Dungeon (5/15) Zot: 26726
 Temple: D:4-7

Altars:
Fedhas
Makhleb

Shops:
D:4

?
############..######
#.#
..............#....#
#.#
##.#.########...##.#
#.# ##.#.# #...##.#
#.# ##.#.#####
#...##.# #.#
...#.....## #...##.#
#.# #..)......#
#.O....# #.#
#.........###..>#..#
#.#
#..............y@..#
#.#
#......∩..###.#.#..#
#.# #.........#
#.#.#.####.#
#.........#
#.#.#......#
#.........#
#.#.########
#.........# #.#.#
#.........# #.#.#
#.........# #.#.#
########### #.#)#


You could see an ogre and a killer bee.


Message History

A killer bee comes into view.
The hound bites you. The ogre hits you with a +0 giant club!
Ouch! That really hurt!
* * * LOW HITPOINT WARNING * * *
The killer bee moves out of view.
You are too injured to fight recklessly!
HP[-19]
You take 19 damage, and now have 11/30 hp.
MASSIVE DAMAGE!! (PAUSE)
You are too injured to fight recklessly!
You are too injured to fight recklessly!
The hound misses you. The hound barely misses you.
You climb upwards.
There is a stone staircase leading down here.
The hound closely misses you.
HP[+1] Fire: a) +0 shortbow {bow}
Press: ? - help, Q - select action, (/) - cycle Shift-Dir - straight line, f - hound
Aim: a hound You shoot an arrow.
The arrow barely misses the hound.
Fire: a) +0 shortbow {bow}
Press: ? - help, Q - select action, (/) - cycle Shift-Dir - straight line, f/p - hound
Aim: a hound You shoot an arrow.
The arrow completely misses the hound.
The arrow hits the ogre!
You kill the ogre!
The hound misses you.
Fire: a) +0 shortbow {bow}
Press: ? - help, Q - select action, (/) - cycle Shift-Dir - straight line, f/p - hound
Aim: a hound You shoot an arrow.
The arrow hits the hound!
The hound closely misses you. x2
Fire: a) +0 shortbow {bow}
Press: ? - help, Q - select action, (/) - cycle Shift-Dir - straight line, f/p - hound
Aim: a hound (heavily wounded)
You shoot an arrow. The arrow barely misses the hound.
The hound barely misses you.
Fire: a) +0 shortbow {bow}
Press: ? - help, Q - select action, (/) - cycle Shift-Dir - straight line, f/p - hound
Aim: a hound (heavily wounded)
You shoot an arrow.
The arrow hits the hound but does no damage.
The hound barely misses you. x2
Fire: a) +0 shortbow {bow}
Press: ? - help, Q - select action, (/) - cycle Shift-Dir - straight line, f/p - hound
Aim: a hound (heavily wounded)
You shoot an arrow. The arrow barely misses the hound.
The hound barely misses you.
Fire: a) +0 shortbow {bow}
Press: ? - help, Q - select action, (/) - cycle Shift-Dir - straight line, f/p - hound
Aim: a hound (heavily wounded)
You shoot an arrow. The arrow hits the hound.
The hound barely misses you. The hound bites you.
* * * LOW HITPOINT WARNING * * *
You see here a +3 chain mail.
Fire: a) +0 shortbow {bow}
Press: ? - help, Q - select action, (/) - cycle Shift-Dir - straight line, f/p - hound
Aim: a hound (severely wounded)
You shoot an arrow. The arrow closely misses the hound.
The hound bites you.
* * * LOW HITPOINT WARNING * * *
HP[-3]
You take 3 damage, and now have 9/30 hp.
Fire: a) +0 shortbow {bow}
Press: ? - help, Q - select action, (/) - cycle Shift-Dir - straight line, f/p - hound
Aim: a hound (severely wounded)
You shoot an arrow. The arrow hits the hound.
HP[+1] Fire: a) +0 shortbow {bow}
Press: ? - help, Q - select action, (/) - cycle Shift-Dir - straight line, f/p - hound
Aim: a hound (almost dead)
You shoot an arrow. The arrow hits the hound!
You kill the hound!
You start resting.
HP[+20]
Your hp is fully restored (30).
Things that are here:
a +0 giant club {mace}; an ogre skeleton Done exploring.
(D) Dungeon
Where to? (Enter - D:5, ? - help)
There is a stone staircase leading down here.
You climb downwards.
The killer bee misses you. The killer bee completely misses you.
The ogre misses you. The killer bee barely misses you.
There is a stone staircase leading up, spattered with blood here.
There are monsters nearby!
The killer bee misses you. The killer bee closely misses you.
The howler monkey hoots and howls with incredible vigour!
The ogre hits you with a +0 giant spiked club!!
Ouch! That really hurt!
* * * LOW HITPOINT WARNING * * *
You hear an angry buzzing noise.
You climb upwards.
There is a stone staircase leading down here.
HP[-24]
You take 24 damage, and now have 6/30 hp.
MASSIVE DAMAGE!! (PAUSE)
The killer bee stings you!
You die...

Skill      XL: |  1  2  3  4  5 |
---------------+----------------+-----
Ranged Weapons | 5 6 7 9 |  9.7
Fighting       | |  1.5
Dodging        | |  2.6
Stealth        | |  1.5

Action                   |  1- 3 |  4- 6 || total
-------------------------+-------+-------++-------
 Fire: Shortbow          |   116 |   174 ||   290
  Use: Scroll            |       |     2 ||     2
Armor: Robe              |     3 |     8 ||    11
Dodge: Dodged            |    38 |    87 ||   125

Levels and vault maps discovered:
D:1:      evilmike_arrival_plus, layout_loops_ring,
          shapermc_ecumenical_altar_notcrosses, skrybe_limestone_x
D:2:      minmay_angry_zag, layout_basic
D:3:      layout_rooms, mainiacjoe_overflow_concentric_impassable,
          old_standard_altar, uniq_ijyb
D:4:      layout_basic, serial_shops, shop
D:5:      layout_basic, mainiacjoe_overflow_cross_hatched,
          minmay_temple_entry_grid, st_stairs_2,
          hangedman_abyss_or_decor_lesser_grid, nicolae_shop_gadgets,
          uniq_menkaure

Notes
Turn   | Place    | Note
-------+----------+-------------------------------------------
     0 | D:1      | zeratav the Spriggan Hunter began the quest for the Orb.
     0 | D:1      | Reached XP level 1. HP: 10/10 MP: 2/2
     0 | D:1      | magus.rc [v1.9.6]
    35 | D:1      | Reached skill level 5 in Ranged Weapons
    65 | D:1      | Reached XP level 2. HP: 14/14 MP: 3/3
   183 | D:1      | Reached skill level 6 in Ranged Weapons
   279 | D:1      | Reached XP level 3. HP: 18/18 MP: 4/4
   310 | D:1      | Found a faded altar of an unknown god.
  1194 | D:2      | Reached XP level 4. HP: 20/22 MP: 5/5
  1456 | D:2      | Reached skill level 7 in Ranged Weapons
  1790 | D:3      | Found a blossoming altar of Fedhas.
  1801 | D:3      | Noticed Ijyb
  1823 | D:3      | Killed Ijyb
  1824 | D:3      | Reached XP level 5. HP: 25/25 MP: 6/6
  2048 | D:3      | Found a burning altar of Makhleb.
  2236 | D:4      | Reached skill level 8 in Ranged Weapons
  2242 | D:4      | HP: 1/25 [gnoll/+0 whip (9)]
  3014 | D:4      | Found Fyes Donu's Magic Scroll Boutique.
  3025 | D:4      | Bought a scroll of identify for 22 gold pieces
  3264 | D:4      | Reached skill level 9 in Ranged Weapons
  3264 | D:4      | Reached XP level 6. HP: 30/30 MP: 7/7
  3441 | D:5      | Entered Level 5 of the Dungeon
  3742 | D:5      | HP: 6/30 [ogre/+0 giant spiked club (24)]
  3744 | D:4      | Slain by a killer bee

Vanquished Creatures
  An ogre (D:4)
  A necrophage (D:4)
  A hound (D:4)
  Ijyb (D:3)
  4 gnolls
  8 adders
  A worm (D:4)
  A dart slug (D:1)
  An orc (D:3)
  10 ball pythons
  11 bats
  5 endoplasms
  4 giant cockroaches
  12 goblins
  9 hobgoblins
  13 jackals
  6 quokkas
  4 frilled lizards
  8 kobolds
  5 rats (D:2)
106 creatures vanquished.

Table legend:
 A = Non-vault XP
 B = Vault XP
 C = Vault XP percentage of total XP
 D = Non-vault monster count
 E = Vault monster count
 F = Vault count percentage of total count
                 A         B        C        D         E       F
            +---------+---------+-------+---------+---------+-------
      Total |     374 |     236 |  38.7 |      96 |      10 |   9.4
            +---------+---------+-------+---------+---------+-------
        D:1 |      66 |       0 |   0.0 |      36 |       0 |   0.0
        D:2 |      52 |      33 |  38.8 |      25 |       7 |  21.9
        D:3 |      66 |      36 |  35.3 |      17 |       1 |   5.6
        D:4 |     188 |     167 |  47.0 |      17 |       2 |  10.5
        D:5 |       2 |       0 |   0.0 |       1 |       0 |   0.0
            +---------+---------+-------+---------+---------+-------

Illustrated notes

Table legend:
 A = Kills in this place as a percentage of kills in entire the game.
 B = Kills by you in this place as a percentage of kills by you in the entire game.
 C = Kills by friends in this place as a percentage of kills by friends in the entire game.
 D = Other kills in this place as a percentage of other kills in the entire game.
 E = Experience gained in this place as a percentage of experience gained in the entire game.
 F = Experience gained in this place divided by the number of levels of this place that you have seen.
                   A       B       C       D       E      F
               +-------+-------+-------+-------+-------+----------------------
         Total | 100.0 | 100.0 |   N/A |   N/A | 100.0 | 122.0
       Dungeon | 100.0 | 100.0 |   N/A |   N/A | 100.0 | 122.0
               +-------+-------+-------+-------+-------+----------------------

Table legend: (Time is in decaauts)
 A = Elapsed time spent in this place.
 B = Non-inter-level travel time spent in this place.
 C = Inter-level travel time spent in this place.
 D = Time resting spent in this place.
 E = Time spent auto-exploring this place.
 F = Levels seen in this place.
 G = Mean time per level.
                   A        B        C        D        E       F      G
               +--------+--------+--------+--------+--------+-----+--------+
         Total |   2742 |   2673 |     69 |    543 |   1618 |   5 |  548.4 |
       Dungeon |   2742 |   2673 |     69 |    543 |   1618 |   5 |  548.4 |
               +--------+--------+--------+--------+--------+-----+--------+

Top non-repeatable levels by time:
     D:4: 782 daAuts
     D:3: 765 daAuts
     D:1: 709 daAuts
     D:2: 469 daAuts
     D:5: 14 daAuts
